 Dungeon Crawl Stone Soup version 0.26.0-20-g3ca415f5b8 (webtiles) character file.

Game seed: 14654576467675082754

16 kaeus the Firebug (level 2, 0/15 HPs)
             Began as a Gargoyle Fire Elementalist on Jan 24, 2021.
             Slain by a kobold
             ... wielding a cursed +0 short sword
              (1 damage)
             ... on level 1 of the Dungeon.
             The game lasted 00:00:59 (818 turns).

kaeus the Firebug (Gargoyle Fire Elementalist)       Turns: 818, Time: 00:01:00

Health: 0/15       AC:  5    Str: 11    XL:     2   Next: 58%
Magic:  5/5        EV: 12    Int: 15    God:
Gold:   27         SH:  0    Dex: 10    Spells: 4/5 levels left

rFire    . . .     SeeInvis .   f - +0 club
rCold    . . .     Faith    .   (no shield)
rNeg     + . .     Spirit   .   a - +0 robe
rPois    ∞         Reflect  .   (no helmet)
rElec    +         Harm     .   (no cloak)
rCorr    .         Rampage  .   e - +0 pair of gloves
Will     .....                  (no boots)
Stlth    ++........             (no amulet)
HPRegen  0.05/turn              (no ring)
MPRegen  0.09/turn              (no ring)

@: no status effects
A: negative energy resistance 1, electricity resistance, unbreathing,
petrification resistance, miasma immunity, AC +2
a: no special abilities


You were on level 1 of the Dungeon.
You visited 1 branch of the dungeon, and saw 1 of its levels.

You collected 27 gold pieces.

Inventory:

Hand Weapons
 f - a +0 club (weapon)
Armour
 a - a +0 robe (worn)
 e - a +0 pair of gloves (worn)
Scrolls
 b - 2 scrolls of amnesia {unknown}
 c - a scroll of identify {unknown}
 g - a scroll of magic mapping {unknown}
Potions
 d - a potion of haste {unknown}


   Skills:
 - Level 1.5 Dodging
 - Level 2.1 Stealth
 + Level 2.2 Spellcasting
 * Level 1.9 Conjurations
 * Level 3.3 Fire Magic


You had 4 spell levels left.
You knew the following spells:

 Your Spells              Type           Power        Failure   Level
a - Foxfire               Conj/Fire      36%          8%          1

Your spell library contained the following spells:

 Spells                   Type           Power        Failure   Level
 Conjure Flame            Conj/Fire      9%           22%         3
 Inner Flame              Hex/Fire       6%           32%         3
 Sticky Flame             Conj/Fire      9%           58%         4
 Fireball                 Conj/Fire      4%           90%         5


Dungeon Overview and Level Annotations

Branches:
Dungeon (1/15)

Altars:


Innate Abilities, Weirdness & Mutations

You are resistant to torment.
Your stone body is resilient. (AC +2)
You are immune to poison.
You resist negative energy. (rN+)
You are resistant to electric shocks. (rElec)
You can survive without breathing.
You are immune to petrification.
You are immune to miasma.


Message History

You take 2 damage, and have 4/15 hp.
You hit the kobold but do no damage.
The kobold is moderately wounded.
The kobold hits you with a cursed +0 short sword.
* * * LOW HITPOINT WARNING * * *
The kobold hits you but does no damage.
You take 2 damage, and have 2/15 hp.
You hit the kobold.
The kobold is severely wounded.
The kobold hits you with a cursed +0 short sword.
* * * LOW HITPOINT WARNING * * *
You take 1 damage, and have 1/15 hp.
You hit the kobold but do no damage.
The kobold is severely wounded.
The kobold hits you but does no damage.
You closely miss the kobold.
The kobold is severely wounded.
The kobold closely misses you.
The kobold hits you with a cursed +0 short sword.
You die...

#................
.#
#....>.#(########
.#...#...##.# #.
##.###.# ##.# #.#
#.# #...##
#.###.#### #....#
#........# #..K.#
###.####.# #@# #.#
#.##### #.# #.#
#[..... #.# #.#
####### #.# #.#
##.## #
#.#####.###...####
#...............)†
#######...........
######.##### ###


You could see a kobold.

Vanquished Creatures
  2 dart slugs (D:1)
  A leopard gecko (D:1)
  A bat (D:1)
  2 giant cockroaches (D:1)
  A hobgoblin (D:1)
  2 kobolds (D:1)
  2 rats (D:1)
11 creatures vanquished.

Vanquished Creatures (others)
  28 foxfires (D:1)
28 creatures vanquished.

Grand Total: 39 creatures vanquished

Notes
Turn   | Place    | Note
-------+----------+-------------------------------------------
     0 | D:1      | kaeus the Gargoyle Fire Elementalist began the quest for
                  | the Orb.
     0 | D:1      | Reached XP level 1. HP: 10/10 MP: 3/3
   319 | D:1      | Reached XP level 2. HP: 5/15 MP: 1/5
   818 | D:1      | Slain by a kobold

Illustrated notes

Levels and vault maps discovered:
D:1:      elethiomel_arrival_shortcut, layout_loops_ring

Action                   || total
-------------------------++-------
Melee: Unarmed           ||    21
       Club              ||    12
 Cast: Foxfire           ||    22
Armor: Robe              ||     9
Dodge: Dodged            ||    13
